 Dungeon Crawl Stone Soup version 0.31-a0-161-gb58dd9be76 (webtiles) character file.

Game seed: 2988696633767635793

56475 Drazool the Bludgeoner (level 14, -7/150 HPs)
             Began as an Ogre Monk on June 12, 2023.
             Was an Initiate of Uskayaw.
             Mangled by a sun demon (8 damage)
             ... in a volcano.
             The game lasted 01:00:31 (24478 turns).

Drazool the Bludgeoner (Ogre Monk)                 Turns: 24478, Time: 01:00:31

Health: -7/150     AC: 10    Str: 24    XL:     14   Next: 81%
Magic:  20/23      EV: 14    Int:  8    God:    Uskayaw [......]
Gold:   1551       SH:  0    Dex: 15    Spells: 13/13 levels left

rFire   + . .        a - +6 giant spiked club (flame)
rCold   + . .        (shield currently unavailable)
rNeg    . . .        O - +3 troll leather armour {Snorg}
rPois   .            t - +2 hat
rElec   .            S - scarf of Gestures {repulsion, SInv Stlth+}
rCorr   .            (gloves unavailable)
SInv    +            (boots unavailable)
Will    ++...        d - amulet of the acrobat
Stlth   ++++         z - ring "Kukk" {rF+ rC+ Will+ Str+3}
HPRegen 1.25/turn    y - +4 ring of slaying
MPRegen 0.18/turn

%: repel missiles, acrobat
@: about to teleport, studying Conjurations
A: large, unfitting armour, tough skin 1, agile 1, deterioration 1, dopey 1
a: Renounce Religion


You were in a volcano.
You worshipped Uskayaw.
Uskayaw was pleased with you.
You visited 3 branches of the dungeon, and saw 19 of its levels.
You also visited: Volcano.

You collected 1724 gold pieces.
You spent 173 gold pieces at shops.


Innate Abilities, Weirdness & Mutations

You are too large for most types of armour.
You have tough skin. (AC +1)
You are agile. (Dex +4, Str/Int -1)
Your body sometimes deteriorates upon taking damage.
You are dopey. (Int -2)


   Skills:
 - Level 12.5 Fighting
 - Level 15.0 Maces & Flails
 - Level 6.1 Throwing
 - Level 5.0 Armour
 + Level 9.4 Dodging
 - Level 5.0 Stealth
 - Level 12.0 Invocations


You had 13 spell levels left.
You didn't know any spells.
Your spell library contained the following spells:

 Spells                   Type           Power      Damage    Failure   Level
 Apportation              Tloc           0%         N/A       43%         1
 Magic Dart               Conj           0%         1d3       43%         1
 Necrotise                Necr           0%         1d4       43%         1
 Summon Small Mammal      Summ           0%         N/A       43%         1
 Call Imp                 Summ           0%         N/A       58%         2
 Ensorcelled Hibernation  Hex/Ice        0%         N/A       58%         2
 Poisonous Vapours        Pois/Air       0%         N/A       58%         2
 Sublimation of Blood     Necr           0%         N/A       58%         2
 Wereblood                Tmut           0%         N/A       58%         2
 Call Canine Familiar     Summ           0%         N/A       82%         3
 Hailstorm                Conj/Ice       0%         3d3       82%         3
 Mephitic Cloud           Conj/Pois/Air  0%         N/A       82%         3
 Ozocubu's Armour         Ice            0%         N/A       82%         3
 Portal Projectile        Hex/Tloc       0%         N/A       82%         3
 Spider Form              Tmut/Pois      0%         N/A       82%         3
 Vhi's Electric Charge    Tloc/Air       0%         N/A       82%         3
 Anguish                  Hex/Necr       0%         N/A       99%         4
 Ice Form                 Ice/Tmut       0%         N/A       99%         4
 Leda's Liquefaction      Hex/Erth       0%         N/A       99%         4
 Olgreb's Toxic Radiance  Pois           0%         N/A       99%         4
 Arcjolt                  Conj/Air       0%         1d10      100%        5
 Freezing Cloud           Conj/Ice/Air   0%         6-21      100%        5
 Metabolic Englaciation   Hex/Ice        0%         N/A       100%        5
 Simulacrum               Ice/Necr       0%         N/A       100%        6
 Summon Hydra             Summ           0%         N/A       100%        7
 Discord                  Hex            0%         N/A       100%        8
 Ignition                 Fire           0%         3d3       100%        8
 Maxwell's Capacitive Co  Air            0%         ∞         100%        8

Inventory:

Hand Weapons
 a - a +6 giant spiked club of flaming (weapon)
 b - the +5 whip of Byethrah {drain, rF+ MP+9}
   (You found it on level 6 of the Dungeon)

   rF:        It protects you from fire.
   MP:        It affects your magic capacity (+9).
 c - a +4 giant spiked club
 l - a +2 whip of electrocution
 r - the +4 war axe of Viny Defence {speed, +Blink MP+9}
   (You found it on level 3 of the Dungeon)

   MP:        It affects your magic capacity (+9).
   +Blink:    It lets you blink.
Missiles
 i - 16 boomerangs
 o - 4 silver javelins
 q - 156 stones
 H - 2 throwing nets {=f}
 I - 31 poisoned darts (quivered)
 R - 4 curare-tipped darts {=f}
Armour
 t - a +2 hat (worn)
 O - a +3 troll leather armour (worn) {Snorg}
 S - the scarf of Gestures (worn) {repulsion, SInv Stlth+}
   (You found it on level 1 of the Lair of Beasts)

   SInv:      It lets you see invisible.
   Stlth:     It makes you more stealthy.
 X - the +2 buckler "Livuim" {Regen+ Int+3 Slay+3}
   (You found it on level 11 of the Dungeon)

   Int:       It affects your intelligence (+3).
   Slay:      It affects your accuracy & damage with ranged weapons and melee
   (+3).
   Regen:     It increases your rate of health regeneration.
Magical Staves
 N - a staff of earth {!a}
Jewellery
 d - an amulet of the acrobat (around neck)
 v - a ring of see invisible
 y - a +4 ring of slaying (right hand)
 z - the ring "Kukk" (left hand) {rF+ rC+ Will+ Str+3}
   (You acquired it on level 6 of the Dungeon)

   [ring of protection from cold]

   Str:       It affects your strength (+3).
   rF:        It protects you from fire.
   rC:        It protects you from cold.
   Will:      It increases your willpower.
 E - a +5 ring of evasion
 L - a ring of flight
 P - a ring of poison resistance
 Y - a +4 ring of slaying
Wands
 x - a wand of digging (8)
 D - a wand of mindburst (11)
 M - a wand of polymorph (4)
 Z - a wand of roots (2)
Scrolls
 e - 4 scrolls of amnesia
 f - 5 scrolls of revelation
 p - 4 scrolls of teleportation {@r2}
 s - 3 scrolls of torment
 F - a scroll of enchant armour
 G - 2 scrolls of noise
 J - 2 scrolls of vulnerability
 K - a scroll of poison
 Q - 2 scrolls of immolation
 T - 2 scrolls of silence {!r}
 U - a scroll of fog
 W - 2 scrolls of fear
Potions
 h - 2 potions of enlightenment
 j - a potion of resistance {unknown}
 k - 2 potions of brilliance
 m - 5 potions of attraction
 n - 3 potions of curing {@q1}
 w - a potion of invisibility {unknown}
 A - a potion of cancellation
 B - a potion of lignification
 C - a potion of haste {@q3}
 V - a potion of magic

Dungeon Overview and Level Annotations

Branches:
Dungeon (12/15)            Temple (0/1) D:4            Lair (5/5) D:9
  Swamp (0/4) Lair:3        Snake (0/4) Lair:2        Slime (0/5) Lair:5
    Orc (2/2) D:12            Elf (0/3) Orc:2       Volcano (1/1)

Altars:
Ashenzari
Cheibriados
Dithmenos
Fedhas
Gozag
Hepliaklqana
Makhleb
Qazlal
Ru
Sif Muna
Uskayaw
Wu Jian
Zin
The Shining One

Shops:
D:6 *   D:7 *   Orc:2 ==

Annotations:
D:7 1 runed translucent door, Crazy Yiuf
Lair:5 1 exclusion

# ########▒ # ##...8..8▒ #
##........+ ##....3....+ #
##....@38..8▒ #
#....#######▒ ## ##...##
#. #...## ##. ##...# #..
#....# ########..
#..≈.##### ##.....#...
#..≈.#...## #....†.....
##..#......#####..........


You could see 2 sun demons.


Message History

Unknown command.
Use which ability? (? or * to list)
You can't do that.
Unknown command.
You feel much better. The sun demon hits you!!
* * * LOW HITPOINT WARNING * * *
You are engulfed in flames!
You resist.
* * * LOW HITPOINT WARNING * * *
The sun demon hits you.
* * * LOW HITPOINT WARNING * * *
You are engulfed in flames.
You resist.
* * * LOW HITPOINT WARNING * * *
As you read the scroll of teleportation {@r2}, it crumbles to dust.
You feel strangely unstable. The sun demon misses you. The sun demon hits you!
* * * LOW HITPOINT WARNING * * *
You are engulfed in flames!
You resist.
* * * LOW HITPOINT WARNING * * *
Unknown command.
Okay, then.
Unknown command.
You feel much better. The sun demon hits you!
* * * LOW HITPOINT WARNING * * *
You are engulfed in flames.
You resist.
* * * LOW HITPOINT WARNING * * *
The sun demon closely misses you. The sun demon misses you.
The sun demon closely misses you. The sun demon attacks as you move away!
The sun demon hits you!
* * * LOW HITPOINT WARNING * * *
You are engulfed in flames!
You resist.
You die...

Skill      XL: |  1  2  3  4  5  6  7  8  9 10 11 12 13 14 |
---------------+-------------------------------------------+-----
Maces & Flails | 3 4 5 6 7 9 10 11 12 14 15 | 15.0
Fighting       | 5 6 8 9 11 12 | 12.5
Invocations    | 4 6 7 9 10 12 | 12.0
Throwing       | 1 4 5 6 |  6.1
Dodging        | 4 6 9 |  9.4
Armour         | 3 4 5 |  5.0
Stealth        | 2 5 |  5.0

Action                     |  1- 3 |  4- 6 |  7- 9 | 10-12 | 13-15 || total
---------------------------+-------+-------+-------+-------+-------++-------
  Melee: Mace              |    38 |       |       |       |       ||    38
         Rapier            |    23 |       |       |       |       ||    23
         Flail             |       |    59 |       |       |       ||    59
         War axe           |       |    31 |    27 |       |       ||    58
         Giant club        |       |       |    51 |       |       ||    51
         Whip              |       |       |    15 |       |       ||    15
         Giant spiked club |       |       |   101 |   459 |   471 ||  1031
  Throw: Boomerang         |     4 |       |       |    39 |    76 ||   119
         Dart              |       |       |    11 |    48 |    25 ||    84
         Javelin           |       |       |       |     2 |     1 ||     3
 Invoke: Line Pass         |       |       |       |     2 |       ||     2
         Stomp             |       |       |       |     4 |    12 ||    16
  Evoke: Wand              |       |       |     1 |     3 |     3 ||     7
    Use: Potion            |       |     3 |     3 |     9 |     5 ||    20
         Scroll            |       |     3 |    10 |    10 |    10 ||    33
   Stab: Paralysed         |       |     2 |     4 |    25 |    40 ||    71
         Sleeping          |       |       |     1 |     3 |    16 ||    20
         Distracted        |       |       |       |     2 |     2 ||     4
 Armour: Robe              |    23 |    17 |    38 |    37 |       ||   115
         Steam dragon scal |       |       |       |   144 |    82 ||   226
         Skin              |       |       |       |     2 |       ||     2
         Acid dragon scale |       |       |       |       |    20 ||    20
         Troll leather arm |       |       |       |       |    13 ||    13
  Dodge: Dodged            |    41 |    40 |    82 |   274 |   291 ||   728
         Repelled          |       |       |       |     1 |     3 ||     4

Levels and vault maps discovered:
D:1:      spicycebolla_green_bress_n_ham, layout_rooms
D:2:      layout_rooms, uniq_terence
D:3:      layout_loops_ring, shapermc_ecumenical_altar_notcrosses,
          item_on_display_a
D:4:      layout_loops_ring, minmay_temple_entry_fiery, minmay_distorted,
          uniq_duvessa
D:5:      layout_loops_ring, lemuel_doored_altar, uniq_pikel
D:6:      layout_cave_pools, serial_shops, nicolae_shop_window_shopping
D:7:      layout_basic, marbit_many_paths, serial_shops, shop_fountains,
          uniq_crazy_yiuf_cottage
D:8:      layout_basic, uniq_gastronok
D:9:      layout_basic, nzn_hepliaklqana_mist_gate, grunt_temple_overflow_open,
          chequers_temple_overflow_statue_of_worship, minmay_lair_entry_grove
D:10:     layout_irregular_city, mainiacjoe_overflow_surrounded_room,
          uniq_lodul, uniq_joseph, uniq_erolcha, uniq_grum
D:11:     layout_stronghold, uniq_sonja, uniq_psyche
D:12:     layout_loops_cross, erik_orc_3
Lair:1:   layout_chaotic_city, hibernation_bobbens, uniq_erica
Lair:2:   layout_regular_city, guppyfry_snake_entry_island, serial_bayou_shore_a
Lair:3:   layout_chaotic_city, palyth_hydra_swamp_entry
Lair:4:   layout_concentric_octagons, minivault_26, beast_lair_carwin_9
Lair:5:   evil_forest, layout_misc_corridors, minmay_slime_entry_pillars,
          kennysheep_basilisk_garden, lemuel_fruit_tree
Orc:1:    layout_caves, mines2_david, uniq_snorg
Orc:2:    grunt_orc_gardens, layout_diamond_mine, grunt_orc_garden,
          grunt_orc_garden, grunt_orc_garden, grunt_orc_garden, serial_shops,
          shop, nicolae_shop_scrapyard, shop, nicolae_square_shop, shop,
          nicolae_volcano_entry_two_sided, uniq_rupert
Volcano:  hellmonk_smoking_crater

Notes
Turn   | Place    | Note
-------+----------+-------------------------------------------
     0 | D:1      | Drazool the Ogre Monk began the quest for the Orb.
     0 | D:1      | Reached XP level 1. HP: 24/24 MP: 1/1
    67 | D:1      | Reached skill level 3 in Maces & Flails
   171 | D:1      | Reached XP level 2. HP: 31/32 MP: 2/2
   381 | D:1      | Reached XP level 3. HP: 38/39 MP: 3/3
   551 | D:2      | Reached skill level 4 in Maces & Flails
   631 | D:2      | Noticed Terence
   642 | D:2      | Killed Terence
   643 | D:2      | Reached XP level 4. HP: 14/48 MP: 4/4
   895 | D:2      | HP: 3/48 [gnoll/+0 halberd (13)]
   905 | D:2      | Reached skill level 5 in Maces & Flails
   905 | D:2      | Reached XP level 5. HP: 32/54 MP: 5/5
  1169 | D:2      | You are sucked into a shaft and drop 2 floors!
  1604 | D:3      | Identified the +4 war axe of Viny Defence {speed, +Blink
                  | MP+9}
  1957 | D:3      | Found a faded altar of an unknown god.
  1963 | D:3      | Prayed at the altar of an unknown god.
  1963 | D:3      | Became a worshipper of Uskayaw the Reveller
  1963 | D:3      | Reached * piety under Uskayaw
  1963 | D:3      | Reached ** piety under Uskayaw
  2270 | D:4      | Reached XP level 6. HP: 57/63 MP: 6/6
  2480 | D:4      | Reached skill level 6 in Maces & Flails
  2643 | D:4      | Identified a +0 robe of the Archmagi
  2643 | D:4      | Noticed Dowan
  2647 | D:4      | Killed Dowan
  2647 | D:4      | Noticed Duvessa
  2651 | D:4      | Reached *** piety under Uskayaw
  2653 | D:4      | Reached **** piety under Uskayaw
  2655 | D:4      | Killed Duvessa
  2656 | D:4      | Reached skill level 5 in Fighting
  2656 | D:4      | Reached XP level 7. HP: 30/72 MP: 7/7
  3206 | D:4      | Found a staircase to the Ecumenical Temple.
  3415 | D:4      | Reached skill level 7 in Maces & Flails
  3485 | D:5      | Entered Level 5 of the Dungeon
  3527 | D:4      | Reached skill level 6 in Fighting
  3725 | D:5      | Reached XP level 8. HP: 80/84 MP: 8/8
  3818 | D:5      | Reached skill level 7 in Fighting
  3818 | D:5      | Reached skill level 8 in Maces & Flails
  4033 | D:5      | Noticed Pikel
  4042 | D:5      | Killed Pikel
  4043 | D:5      | Reached skill level 8 in Fighting
  4043 | D:5      | Reached skill level 9 in Maces & Flails
  4329 | D:5      | Found an opulent altar of Gozag.
  4665 | D:6      | Identified a scroll of acquirement
  4665 | D:6      | Acquired the ring "Kukk" {rF+ rC+ Will+ Str+3}
  4687 | D:6      | Gained mutation: Your body sometimes deteriorates upon
                  | taking damage. [potion of mutation]
  4687 | D:6      | Gained mutation: You are agile. (Dex +4, Str/Int -1)
                  | [potion of mutation]
  4687 | D:6      | Gained mutation: You are strong-willed. (Will+) [potion of
                  | mutation]
  4687 | D:6      | Gained mutation: You are very agile. (Dex +8, Str/Int -2)
                  | [potion of mutation]
  4691 | D:6      | Reached XP level 9. HP: 83/97 MP: 9/9
  4700 | D:6      | Reached skill level 1 in Invocations
  4749 | D:6      | Lost mutation: You are strong-willed. (Will+) [potion of
                  | mutation]
  4749 | D:6      | Lost mutation: You are very agile. (Dex +8, Str/Int -2)
                  | [potion of mutation]
  4749 | D:6      | Gained mutation: You are dopey. (Int -2) [potion of
                  | mutation]
  4831 | D:6      | Identified the +5 whip of Byethrah {drain, rF+ MP+9}
  5515 | D:6      | Reached skill level 2 in Invocations
  5743 | D:6      | Found Digux's General Store.
  5757 | D:6      | Bought a scroll of vulnerability for 52 gold pieces
  5757 | D:6      | Bought a scroll of poison for 52 gold pieces
  5964 | D:7      | Reached skill level 9 in Fighting
  6324 | D:7      | Found Aguni's Assorted Antiques.
  6335 | D:7      | Bought a scroll labelled AXYPENOULO for 25 gold pieces
  6335 | D:7      | Bought a bubbling purple potion for 22 gold pieces
  6335 | D:7      | Bought a fuming red potion for 22 gold pieces
  6538 | D:7      | Reached skill level 10 in Maces & Flails
  6538 | D:7      | Reached skill level 3 in Invocations
  6992 | D:7      | Reached skill level 4 in Invocations
  7039 | D:7      | Found a glowing silver altar of Zin.
  7162 | D:7      | Reached skill level 1 in Throwing
  7310 | D:7      | Found a runed translucent door.
  7311 | D:7      | Noticed Crazy Yiuf
  7352 | D:8      | Reached XP level 10. HP: 96/110 MP: 13/13
  7469 | D:8      | Reached skill level 10 in Fighting
  7970 | D:8      | Reached skill level 2 in Throwing
  8139 | D:8      | Noticed Gastronok
  8150 | D:8      | Killed Gastronok
  8151 | D:8      | Reached skill level 11 in Maces & Flails
  8151 | D:8      | Reached skill level 5 in Invocations
  8220 | D:8      | Reached skill level 3 in Throwing
  9105 | D:9      | Found a broken altar of Ashenzari.
  9112 | D:9      | Found an ornate altar of the Wu Jian Council.
  9112 | D:9      | Found a stormy altar of Qazlal.
  9114 | D:9      | Found a shimmering blue altar of Sif Muna.
  9116 | D:9      | Found a burning altar of Makhleb.
  9116 | D:9      | Found a blossoming altar of Fedhas.
  9117 | D:9      | Found a shadowy altar of Dithmenos.
  9254 | D:9      | Reached skill level 11 in Fighting
  9254 | D:9      | Reached skill level 6 in Invocations
  9385 | D:9      | Reached skill level 4 in Throwing
  9392 | D:9      | Reached XP level 11. HP: 99/120 MP: 15/15
  9532 | D:9      | Found a sacrificial altar of Ru.
  9533 | D:9      | Found a glowing golden altar of the Shining One.
  9533 | D:9      | Found a snail-covered altar of Cheibriados.
  9959 | D:9      | Reached skill level 12 in Maces & Flails
  9974 | D:9      | Found a staircase to the Lair.
 10333 | D:9      | Found a hazy altar of Hepliaklqana.
 10678 | D:10     | Entered Level 10 of the Dungeon
 10678 | D:10     | Noticed Lodul
 10707 | Lair:1   | Entered Level 1 of the Lair of Beasts
 10714 | Lair:1   | Identified the scarf of Gestures {repulsion, SInv Stlth+}
 10797 | Lair:1   | Noticed Erica
 10819 | Lair:1   | Killed Erica
 10820 | Lair:1   | Reached skill level 5 in Throwing
 10820 | Lair:1   | Reached skill level 7 in Invocations
 11224 | Lair:1   | Noticed a catoblepas
 11231 | Lair:1   | Reached skill level 12 in Fighting
 11245 | Lair:1   | Reached ***** piety under Uskayaw
 11251 | Lair:1   | Killed a catoblepas
 11718 | Lair:1   | Reached XP level 12. HP: 133/133 MP: 17/17
 11724 | Lair:1   | Reached skill level 13 in Maces & Flails
 11724 | Lair:1   | Reached skill level 6 in Throwing
 11945 | Lair:1   | Reached skill level 8 in Invocations
 12684 | Lair:2   | Reached skill level 3 in Dodging
 12898 | Lair:2   | Reached skill level 1 in Armour
 12901 | Lair:2   | Reached skill level 1 in Stealth
 12992 | Lair:2   | Found a staircase to the Snake Pit.
 13471 | Lair:2   | You fall into a shaft and drop 2 floors!
 13578 | Lair:4   | HP: 6/133 [yak (8)]
 13588 | Lair:4   | HP: 4/133 [bullfrog (5)]
 14138 | Lair:2   | Reached skill level 2 in Armour
 14149 | Lair:2   | Noticed a skyshark
 14152 | Lair:2   | Reached skill level 2 in Stealth
 14160 | Lair:2   | Killed a skyshark
 14989 | Lair:3   | Reached skill level 4 in Dodging
 15225 | Lair:3   | Noticed a seven-headed hydra
 15232 | Lair:3   | Noticed a six-headed hydra
 15240 | Lair:3   | Killed a seven-headed hydra
 15244 | Lair:3   | Killed a six-headed hydra
 15245 | Lair:3   | Reached skill level 9 in Invocations
 15354 | Lair:3   | Found a staircase to the Swamp.
 15520 | Lair:3   | Reached skill level 14 in Maces & Flails
 15520 | Lair:3   | Reached skill level 3 in Armour
 15520 | Lair:3   | Reached XP level 13. HP: 109/141 MP: 19/19
 15625 | Lair:3   | Reached skill level 3 in Stealth
 16306 | Lair:4   | Reached skill level 5 in Dodging
 16979 | Lair:4   | Reached skill level 4 in Armour
 17379 | Lair:4   | Reached skill level 4 in Stealth
 17581 | Lair:5   | Entered Level 5 of the Lair of Beasts
 18169 | Lair:5   | Reached skill level 10 in Invocations
 18495 | Lair:5   | Found a staircase to the Slime Pits.
 18650 | Lair:5   | Reached skill level 5 in Stealth
 18699 | Lair:5   | Reached skill level 6 in Dodging
 18739 | Lair:5   | Reached XP level 14. HP: 126/150 MP: 21/21
 18744 | Lair:5   | Reached skill level 15 in Maces & Flails
 18863 | Lair:5   | Reached skill level 5 in Armour
 19247 | Lair:5   | Reached skill level 11 in Invocations
 19798 | Lair:5   | Reached skill level 12 in Invocations
 19816 | Lair:5   | Found a burning altar of Makhleb.
 20261 | D:10     | Noticed Erolcha
 20264 | D:10     | Killed Erolcha
 20288 | D:10     | Found a hide-covered altar of Uskayaw.
 20653 | D:10     | Noticed Grum
 20691 | D:10     | Killed Grum
 21064 | D:10     | Killed Lodul
 21065 | D:10     | Reached skill level 7 in Dodging
 21343 | D:10     | Noticed Joseph
 21348 | D:10     | Killed Joseph
 21486 | D:11     | Identified the +2 buckler "Livuim" {Regen+ Int+3 Slay+3}
 21780 | D:11     | Noticed Psyche
 21790 | D:11     | Killed Psyche
 22321 | D:11     | Noticed Sonja
 22322 | D:11     | Sonja changed into Sonja the hog
 22322 | D:11     | Noticed Sonja
 22327 | D:11     | Killed Sonja the hog
 22972 | D:12     | Reached skill level 8 in Dodging
 23061 | D:12     | Found a staircase to the Orcish Mines.
 23497 | Orc:1    | Entered Level 1 of the Orcish Mines
 23559 | Orc:1    | Noticed an orc warlord
 23577 | Orc:1    | Killed an orc warlord
 23956 | Orc:1    | Noticed Snorg
 23965 | Orc:1    | Killed Snorg
 24234 | Orc:2    | Entered Level 2 of the Orcish Mines
 24234 | Orc:2    | Found a staircase to the Elven Halls.
 24240 | Orc:2    | Found Quosink's Jewellery Emporium.
 24248 | Orc:2    | Found Uweefuo's Jewellery Shop.
 24264 | Orc:2    | Reached skill level 9 in Dodging
 24335 | Orc:2    | Found a dark tunnel.
 24342 | Volcano  | Entered a volcano
 24476 | Volcano  | HP: 9/150 [sun demon (7)]
 24478 | Volcano  | HP: 1/150 [sun demon (13)]
 24478 | Volcano  | Mangled by a sun demon

Vanquished Creatures
  Gastronok (D:8)
  An orc warlord (Orc:1)
  Snorg (Orc:1)
  2 hydras
  Erica (Lair:1)
  A catoblepas (Lair:1)
  Erolcha (D:10)
  A boulder beetle (Lair:5)
  A death yak (Lair:5)
  A fire crab (Lair:3)
  A sun demon (Volcano)
  3 skysharks
  Lodul (D:10)
  A wizard (Lair:5)
  Pikel (D:5)
  An ugly thing (D:12)
  Joseph (D:10)
  8 black mambas
  6 elephants
  2 smoke demons (Volcano)
  16 cane toads
  An unseen horror (D:10)
  Psyche (D:11)
  2 kobold demonologists (D:9)
  4 rime drakes
  9 komodo dragons
  A troll (Orc:2)
  15 blink frogs
  8 polar bears
  2 hornets
  5 dream sheep (Lair:4)
  8 wyverns
  3 slime creatures
  2 wraiths
  A hog (D:11)
  5 steam dragons
  61 yaks
  Grum (D:10)
  8 basilisks
  4 wargs (Orc:1)
  A swamp worm (Lair:3)
  2 acid dragons
  2 nagas (Lair:2)
  Duvessa (D:4)
  19 water moccasins
  2 hell hounds (Volcano)
  A black bear (Lair:2)
  17 orc warriors
  2 sky beasts
  An ice beast (D:6)
  10 wolves
  13 ogres
  2 centaurs
  2 phantoms
  3 lemures (D:5)
  9 bullfrogs
  5 kobold brigands
  2 gnoll sergeants
  3 scorpions
  15 wights
  Dowan (D:4)
  5 killer bees (D:9)
  3 jellies
  2 hounds
  21 orc priests
  Terence (D:2)
  6 iguanas
  19 orc wizards
  4 hell rats (Lair:1)
  20 gnolls
  8 adders
  A shadow imp (D:8)
  2 worms
  4 dart slugs
  59 orcs
  9 ball pythons
  7 endoplasms
  5 giant cockroaches
  6 goblins
  7 hobgoblins
  2 quokkas
  4 bats
  4 frilled lizards
  22 kobolds
  4 rats (D:1)
531 creatures vanquished.

Vanquished Creatures (collateral kills)
  A hydra (Lair:3)
1 creature vanquished.

Vanquished Creatures (others)
  A komodo dragon (Lair:3)
  A howler monkey (D:9)
2 creatures vanquished.

Grand Total: 534 creatures vanquished

Table legend: (Time is in decaauts)
 A = Elapsed time spent in this place.
 B = Non-inter-level travel time spent in this place.
 C = Inter-level travel time spent in this place.
 D = Time resting spent in this place.
 E = Time spent auto-exploring this place.
 F = Levels seen in this place.
 G = Mean time per level.
                   A        B        C        D        E       F      G
               +--------+--------+--------+--------+--------+-----+--------+
         Total |  24632 |  23564 |   1068 |   5490 |  14066 |  20 | 1231.6 |
       Dungeon |  14103 |  13304 |    799 |   2111 |   8879 |  12 | 1175.2 |
          Lair |   9559 |   9333 |    226 |   3336 |   4571 |   5 | 1911.8 |
  Orcish Mines |    832 |    790 |     42 |     42 |    540 |   2 |  416.0 |
       Volcano |    136 |    136 |      0 |      0 |     76 |   1 |  136.0 |
               +--------+--------+--------+--------+--------+-----+--------+

Top non-repeatable levels by time:
  Lair:4: 2494 daAuts
     D:9: 1989 daAuts
  Lair:5: 1895 daAuts
  Lair:2: 1808 daAuts
  Lair:1: 1691 daAuts
  Lair:3: 1671 daAuts
     D:7: 1532 daAuts
     D:4: 1364 daAuts
    D:10: 1305 daAuts
     D:8: 1263 daAuts
     D:5: 1259 daAuts
    D:11: 1185 daAuts
     D:6: 1066 daAuts
     D:2: 1056 daAuts
     D:3: 781 daAuts

Table legend:
 A = Non-vault XP
 B = Vault XP
 C = Vault XP percentage of total XP
 D = Non-vault monster count
 E = Vault monster count
 F = Vault count percentage of total count
                 A         B        C        D         E       F
            +---------+---------+-------+---------+---------+-------
      Total |   54639 |   26040 |  32.3 |     425 |     105 |  19.8
            +---------+---------+-------+---------+---------+-------
        D:1 |      46 |       0 |   0.0 |      22 |       0 |   0.0
        D:2 |     185 |      36 |  16.3 |      33 |       1 |   2.9
        D:3 |      34 |       0 |   0.0 |       6 |       0 |   0.0
        D:4 |     448 |     219 |  32.8 |      19 |       4 |  17.4
        D:5 |     667 |     651 |  49.4 |      18 |       1 |   5.3
        D:6 |     635 |       0 |   0.0 |      16 |       0 |   0.0
        D:7 |    1593 |      45 |   2.7 |      22 |       1 |   4.3
        D:8 |    1379 |    1424 |  50.8 |      31 |       1 |   3.1
        D:9 |    2898 |    2215 |  43.3 |      29 |      13 |  31.0
       D:10 |    2073 |    3451 |  62.5 |      12 |      14 |  53.8
       D:11 |    1710 |     591 |  25.7 |      21 |       2 |   8.7
       D:12 |     962 |     362 |  27.3 |       7 |      13 |  65.0
     Lair:1 |    6451 |     863 |  11.8 |      30 |       1 |   3.2
     Lair:2 |    4378 |     326 |   6.9 |      16 |       2 |  11.1
     Lair:3 |    6079 |    2228 |  26.8 |      18 |       4 |  18.2
     Lair:4 |   11910 |    2750 |  18.8 |      44 |       9 |  17.0
     Lair:5 |    8939 |    7260 |  44.8 |      30 |      22 |  42.3
      Orc:1 |    3381 |     932 |  21.6 |      37 |       7 |  15.9
      Orc:2 |     871 |     266 |  23.4 |      14 |       2 |  12.5
    Volcano |       0 |    2421 | 100.0 |       0 |       8 | 100.0
            +---------+---------+-------+---------+---------+-------
